 Dungeon Crawl Stone Soup version 0.29-a0-398-ge13fd1374b (webtiles) character file.

Game seed: 13823589018937291657

6 spaghetti the Twirler (level 1, 0/20 HPs)
             Began as a Gnoll Wanderer on May 12, 2022.
             Slain by a kobold
             ... wielding a +0 short sword
              (4 damage)
             ... on level 1 of the Dungeon.
             The game lasted 00:00:25 (77 turns).

spaghetti the Twirler (Gnoll Wanderer)                Turns: 77, Time: 00:00:26

Health: 0/20       AC:  3    Str: 12    XL:     1   Next: 90%
Magic:  1/1        EV: 11    Int:  9    God:
Gold:   0          SH:  0    Dex: 12    Spells: 0/0 levels left

rFire   . . .      SeeInvis .   a - +2 quarterstaff {staff}
rCold   . . .      Faith    .   (shield currently unavailable)
rNeg    . . .      Spirit   .   e - +0 leather armour
rPois   .          Reflect  .   (no helmet)
rElec   .          Harm     .   (no cloak)
rCorr   .          Rampage  .   (no gloves)
Will    .....                   (no boots)
Stlth   +.........              (no amulet)
HPRegen 0.06/turn               (no ring)
MPRegen 0.07/turn               (no ring)

@: no status effects
A: fangs 1, strong nose, distributed training
a: no special abilities


You were on level 1 of the Dungeon.
You visited 1 branch of the dungeon, and saw 1 of its levels.


Innate Abilities, Weirdness & Mutations

You have very sharp teeth.
Your uncanny sense of smell can sniff out nearby items.
Your experience applies equally to all skills.


   Skills:
 + Level 4.4 Fighting
 + Level 4.4 Short Blades
 + Level 0.2 Long Blades
 + Level 0.2 Axes
 + Level 0.2 Maces & Flails
 + Level 0.2 Polearms
 + Level 6.4 Staves
 + Level 0.2 Slings
 + Level 0.2 Bows
 + Level 0.2 Crossbows
 + Level 2.4 Throwing
 + Level 0.2 Armour
 + Level 0.2 Dodging
 + Level 0.2 Stealth
 + Level 0.2 Shields
 + Level 0.2 Unarmed Combat
 + Level 0.2 Spellcasting
 + Level 0.1 Conjurations
 + Level 0.1 Hexes
 + Level 0.1 Summonings
 + Level 0.1 Necromancy
 + Level 0.1 Translocations
 + Level 0.1 Transmutations
 + Level 0.1 Fire Magic
 + Level 0.1 Ice Magic
 + Level 0.1 Air Magic
 + Level 0.1 Earth Magic
 + Level 0.1 Poison Magic
 + Level 0.3 Invocations
 + Level 4.4 Evocations


You couldn't memorise any spells.
You didn't know any spells.
Your spell library was empty.

Inventory:

Hand Weapons
 a - a +2 quarterstaff (weapon) {staff}
 b - a +0 short sword {short}
Missiles
 f - 4 stones {throwing}
Armour
 e - a +0 leather armour (worn)
Wands
 c - a wand of flame (4) (quivered)
Scrolls
 d - a scroll of vulnerability {!r!r}

Dungeon Overview and Level Annotations

Branches:
Dungeon (1/15)

Altars:

.. #.B ....
###.... ∆..... ∆
... ..########K#
....$....@.####
#####........#
#######.######.#
.............# #
..........####.##
................#
..........####..#
...#.......###..#
...+.......'....#


You could see a giant cockroach and a kobold.


Message History

You hit the quokka but do no damage.
The quokka bites you but does no damage.
You closely miss the quokka.
The quokka bites you but does no damage.
You hit the quokka.
You kill the quokka! 😕 HP[+1] Key pressed, stopping explore.
You open the door.
A kobold comes into view. It is wielding a +0 club.
The kobold shouts!
A rat comes into view.
The kobold throws a stone.
The stone hits you but does no damage. 😎 HP[+1]
Your hp is fully restored (20).
There are monsters nearby!
There are monsters nearby!
The kobold closely misses you.
There is an open door here.
You sock the kobold!
You kill the kobold!
Things that are here:
a +0 club {mace}; 4 stones {throwing}; a kobold corpse The rat barely misses you.
You hit the rat.
You kill the rat!
Okay, then.
f - 4 stones {throwing}
Things that are here:
a +0 club {mace}; a kobold corpse You open the door.
There is an open door here.
An endoplasm comes into view.
An endoplasm is nearby!
An endoplasm is nearby!
An endoplasm is nearby!
A kobold comes into view. It is wielding a +7 short sword.
The kobold shouts!
The endoplasm quivers.
The kobold throws a stone.
The stone hits you but does no damage.
The endoplasm jiggles.
A kobold comes into view. It is wielding a +0 club.
The kobold shouts!
You hear a shout!
A kobold comes into view. It is wielding a +0 short sword.
You barely miss the endoplasm. The endoplasm closely misses you.
You hit the endoplasm. You bite the endoplasm.
You kill the endoplasm!
You barely miss the kobold.
The kobold hits you with a +0 club. 😕 HP[-1]
You take 1 damage, and now have 19/20 hp.
You are too injured to fight recklessly!
You are too injured to fight recklessly!
You are too injured to fight recklessly!
You are too injured to fight recklessly!
You are too injured to fight recklessly!
You are too injured to fight recklessly!
You are too injured to fight recklessly!
You are too injured to fight recklessly!
You are too injured to fight recklessly!
You are too injured to fight recklessly!
You are too injured to fight recklessly!
You are too injured to fight recklessly!
You are too injured to fight recklessly!
You are too injured to fight recklessly!
You are too injured to fight recklessly!
You are too injured to fight recklessly!
You closely miss the kobold. The kobold misses you.
You hit the kobold.
You kill the kobold!
You hit the kobold but do no damage. You bite the kobold, but do no damage.
The kobold hits you with a +7 short sword. 😕 HP[-3]
You take 3 damage, and now have 16/20 hp.
You hit the kobold.
You kill the kobold!
You barely miss the kobold.
The kobold hits you with a +0 short sword. 😮 HP[-3]
You take 3 damage, and now have 13/20 hp.
You miss the kobold.
The kobold hits you with a +0 short sword.
* * * LOW HITPOINT WARNING * * *
😨 HP[-5]
You take 5 damage, and now have 8/20 hp.
MASSIVE DAMAGE!! (PAUSE) Unknown command.
You closely miss the kobold.
The kobold hits you with a +0 short sword.
* * * LOW HITPOINT WARNING * * *
A giant cockroach comes into view. 😱 HP[-4]
You take 4 damage, and now have 4/20 hp.
Unknown command.
Unknown command.
Aiming: Throw Flame
Press: ? - help, Shift-Dir - straight line, f - kobold
Aim: a kobold, wielding a +0 short sword (67% to hit)
The puff of flame hits the kobold.
The kobold hits you with a +0 short sword.
You die...

Action                   || total
-------------------------++-------
Melee: Quarterstaff      ||    15
       Bite              ||     2
Evoke: Wand              ||     1
Armor: Leather armour    ||     4
Dodge: Dodged            ||     4

Levels and vault maps discovered:
D:1:      psy_arrival_terrarium, layout_basic,
          hellmonk_ecumenical_altar_heavens_door, serial_shops,
          nicolae_shop_advertising_works [nicolae_subvault_shop_adworks]

Notes
Turn   | Place    | Note
-------+----------+-------------------------------------------
     0 | D:1      | spaghetti the Gnoll Wanderer began the quest for the Orb.
     0 | D:1      | spaghetti set off with the following items: a +2
                  | quarterstaff {staff}, a +0 short sword {short}, a wand of
                  | flame (5), a scroll of vulnerability {!r!r}, a +0 leather
                  | armour
     0 | D:1      | Reached XP level 1. HP: 20/20 MP: 1/1
     0 | D:1      | magus.rc [v1.9.6]
    76 | D:1      | HP: 4/20 [kobold/+0 short sword (4)]
    77 | D:1      | Slain by a kobold

Vanquished Creatures
  An endoplasm (D:1)
  3 kobolds (D:1)
  A quokka (D:1)
  A rat (D:1)
6 creatures vanquished.

Table legend:
 A = Non-vault XP
 B = Vault XP
 C = Vault XP percentage of total XP
 D = Non-vault monster count
 E = Vault monster count
 F = Vault count percentage of total count
                 A         B        C        D         E       F
            +---------+---------+-------+---------+---------+-------
      Total |       9 |       0 |   0.0 |       6 |       0 |   0.0
            +---------+---------+-------+---------+---------+-------
        D:1 |       9 |       0 |   0.0 |       6 |       0 |   0.0
            +---------+---------+-------+---------+---------+-------

Illustrated notes

Table legend:
 A = Kills in this place as a percentage of kills in entire the game.
 B = Kills by you in this place as a percentage of kills by you in the entire game.
 C = Kills by friends in this place as a percentage of kills by friends in the entire game.
 D = Other kills in this place as a percentage of other kills in the entire game.
 E = Experience gained in this place as a percentage of experience gained in the entire game.
 F = Experience gained in this place divided by the number of levels of this place that you have seen.
                   A       B       C       D       E      F
               +-------+-------+-------+-------+-------+----------------------
         Total | 100.0 | 100.0 |   N/A |   N/A | 100.0 |   9.0
       Dungeon | 100.0 | 100.0 |   N/A |   N/A | 100.0 |   9.0
               +-------+-------+-------+-------+-------+----------------------

Table legend: (Time is in decaauts)
 A = Elapsed time spent in this place.
 B = Non-inter-level travel time spent in this place.
 C = Inter-level travel time spent in this place.
 D = Time resting spent in this place.
 E = Time spent auto-exploring this place.
 F = Levels seen in this place.
 G = Mean time per level.
                   A        B        C        D        E       F      G
               +--------+--------+--------+--------+--------+-----+--------+
         Total |     76 |     76 |      0 |      0 |     45 |   1 |   76.0 |
       Dungeon |     76 |     76 |      0 |      0 |     45 |   1 |   76.0 |
               +--------+--------+--------+--------+--------+-----+--------+

Top non-repeatable levels by time:
     D:1: 76 daAuts
